 Dungeon Crawl Stone Soup version 0.28-a0-802-g09f76e8c00 (webtiles) character file.

Game seed: 4208437664189153523

59663 porpoise the Thaumaturge (level 14, -16/82 HPs)
             Began as a Deep Elf Conjurer on Nov 7, 2021.
             Was an Elder of Vehumet.
             Killed by an exploding fulminant prism (37 damage)
             ... on level 14 of the Dungeon.
             The game lasted 01:37:06 (26241 turns).

porpoise the Thaumaturge (Deep Elf Conjurer)       Turns: 26241, Time: 01:37:22

Health: -16/82     AC: 13    Str:  7    XL:     14   Next: 54%
Magic:  23/34      EV: 16    Int: 28    God:    Vehumet [****..]
Gold:   1035       SH:  5    Dex: 13    Spells: 21/41 levels left

rFire   . . .      SeeInvis +   b - +7 hunting sling of Kytuamoh {venom, SInv}
rCold   + . .      Faith    .   (no shield)
rNeg    + . .      Spirit   .   I - +2 robe {Archmagi}
rPois   .          Reflect  +   v - +0 helmet
rElec   .          Harm     .   T - +2 cloak {rCorr}
rCorr   +          Rampage  .   p - +0 pair of gloves
Will    +....      Archmagi +   B - +2 pair of boots {Fly}
Stlth   ++++......              D - amulet of reflection
HPRegen 0.23/turn               A - ring "Qirresad" {rC+ rCorr Int+2}
MPRegen 0.24/turn               P - ring of positive energy

@: flying
A: no striking features
a: Renounce Religion


You were on level 14 of the Dungeon.
You worshipped Vehumet.
Vehumet was greatly pleased with you.
You visited 3 branches of the dungeon, and saw 20 of its levels.

You collected 1405 gold pieces.
You spent 370 gold pieces at shops.

Inventory:

Hand Weapons
 a - a +2 short sword of draining
 b - the +7 hunting sling of Kytuamoh (weapon) {venom, SInv}
   (You found it on level 8 of the Dungeon)

   Any ammunition fired from it poisons the flesh of those it strikes.
   SInv:      It lets you see invisible.
 M - the +9 sword of Zonguldrok {reap}
   (You found it on level 13 of the Dungeon)

   Any living foe damaged by it may be reanimated upon death as a zombie
   friendly to the wielder, with an increasing chance as more damage is dealt.
Missiles
 c - 5 curare-tipped darts
 h - 3 boomerangs
 j - 23 poisoned darts
 E - 88 sling bullets (quivered ammo)
 F - 2 atropa-tipped darts
 H - a boomerang of dispersal
Armour
 p - a +0 pair of gloves (worn)
 v - a +0 helmet (worn)
 B - a +2 pair of boots of flying (worn)
 I - a +2 robe of the Archmagi (worn)
 T - a +2 cloak of preservation (worn)
Magical Staves
 w - a staff of poison
Jewellery
 A - the ring "Qirresad" (left hand) {rC+ rCorr Int+2}
   (You found it on level 12 of the Dungeon)

   [ring of resist corrosion]

   Int:       It affects your intelligence (+2).
   rC:        It protects you from cold.
   rCorr:     It protects you from acid and corrosion.
 D - an amulet of reflection (around neck)
 P - a ring of positive energy (right hand)
 R - a ring of protection from fire
Wands
 l - a wand of iceblast (24)
 q - a wand of charming (14)
 r - a wand of acid (28)
 s - a wand of flame (25)
 t - a wand of digging (3)
 L - a wand of polymorph (31)
Scrolls
 d - 10 scrolls of identify
 f - 10 scrolls of teleportation
 n - a scroll of immolation
 y - 2 scrolls of noise
 z - a scroll of magic mapping
 C - a scroll of blinking
 G - a scroll of enchant armour
 K - a scroll of enchant weapon
 O - 4 scrolls of fog
Potions
 e - a potion of resistance
 g - 4 potions of lignification
 k - 3 potions of haste
 m - 7 potions of heal wounds
 o - 10 potions of curing
 u - 4 potions of ambrosia
 x - 3 potions of magic
 J - a potion of mutation
Miscellaneous
 i - a phantom mirror


   Skills:
 - Level 7.0 Fighting
 + Level 4.2 Armour
 - Level 9.0 Dodging
 - Level 9.0 Stealth
 - Level 14.0 Spellcasting
 + Level 10.7 Conjurations
 - Level 12.0 Hexes
 - Level 7.0 Necromancy
 - Level 9.0 Translocations
 - Level 7.0 Fire Magic
 - Level 7.0 Earth Magic
 - Level 7.0 Evocations


You had 21 spell levels left.
You knew the following spells:

 Your Spells              Type           Power      Damage    Failure   Level
a - Magic Dart            Conj           100%       1d8       1%          1
b - Searing Ray           Conj           100%       2d8       1%          2
c - Fulminant Prism       Conj/Hex       45%        3d21      1%          4
d - Iskenderun's Mystic   Conj/Tloc      84%        2d17      1%          4
v - Borgnjor's Vile Clut  Necr/Erth      36%        N/A       4%          5
w - Flame Wave            Conj/Fire      81%        3d14      1%          4

Your spell library contained the following spells:

 Spells                   Type           Power      Damage    Failure   Level
 Spellforged Servitor     Conj/Summ      32%        N/A       50%         7
 Animate Skeleton         Necr           100%       N/A       1%          1
 Pain                     Necr           100%       1d9       1%          1
 Ensorcelled Hibernation  Hex/Ice        100%       N/A       1%          2
 Scorch                   Fire           100%       2d10      1%          2
 Conjure Flame            Conj/Fire      81%        6-21      1%          3
 Dazzling Flash           Conj/Hex       100%       N/A       1%          3
 Ignite Poison            Fire/Tmut/Pois 48%        N/A       1%          3
 Portal Projectile        Hex/Tloc       100%       N/A       1%          3
 Tukima's Dance           Hex            92%        N/A       1%          3
 Vampiric Draining        Necr           73%        2d11      1%          3
 Animate Dead             Necr           36%        N/A       1%          4
 Passage of Golubria      Tloc           81%        N/A       1%          4
 Sticky Flame             Conj/Fire      81%        2d9       1%          4
 Yara's Violent Unravell  Hex/Tmut       34%        3d14      1%          5
 Agony                    Necr           73%        N/A       4%          5
 Excruciating Wounds      Necr           36%        N/A       4%          5
 Death Channel            Necr           36%        N/A       22%         6
 Summon Lightning Spire   Summ/Air       29%        N/A       26%         4
 Blade Hands              Tmut           14%        N/A       58%         5
 Summon Cactus Giant      Summ           14%        N/A       99%         6
 Storm Form               Tmut/Air       14%        N/A       100%        7
 Maxwell's Capacitive Co  Air            14%        ∞         100%        8


Dungeon Overview and Level Annotations

Branches:
Dungeon (14/15)            Temple (1/1) D:7            Lair (5/6) D:9
  Swamp (0/4) Lair:4       Spider (0/4) Lair:4        Slime (0/5) Lair:5
    Orc (0/2) D:10
 Vaults: D:13-14

Altars:
Ashenzari
Cheibriados
Dithmenos
Elyvilon
Fedhas
Gozag
Hepliaklqana
Kikubaaqudgha
Makhleb
Nemelex Xobeh
Okawaru
Qazlal
Ru
Sif Muna
Trog
Uskayaw
Vehumet
Wu Jian
Xom
Yredelemnul
Zin
The Shining One

Shops:
D:2 ![

Annotations:
D:2 exclusion: downstairs
D:9 dig


Message History

You kill the cyan ugly thing!
Vehumet accepts your kill.
You feel your power returning.
The blast of energy engulfs the cyan ugly thing!
The cyan ugly thing is heavily wounded.
The blast of energy engulfs the red ugly thing!!!
The red ugly thing is almost dead.
You hear a roar!
You hear an angry buzzing noise.
An acid dragon comes into view.
Casting: Searing Ray (safe; 1% risk of failure)
Confirm with . or Enter, or press ? or * to list all spells.
Aiming: Fulminant Prism (safe; 1% risk of failure)
Press: ? - help, Dir - move target You feel a surge of power!
You conjure a prism of explosive energy!
A fulminant prism comes into view.
The cyan ugly thing punches you. The cyan ugly thing shocks you!
The acid dragon spits acid at you.
The splash of acid hits your fulminant prism!!
Your fulminant prism crackles loudly.
Casting: Fulminant Prism (safe; 1% risk of failure)
Confirm with . or Enter, or press ? or * to list all spells.
You feel a surge of power!
You erupt in a blast of force!
The mystic blast hits the cyan ugly thing.
The cyan ugly thing is severely wounded.
The cyan ugly thing is knocked back by the mystic blast.
The cyan ugly thing slams into the rock wall!
You hear an angry buzzing noise.
The cyan ugly thing punches you. The cyan ugly thing shocks you!
* * * LOW HITPOINT WARNING * * *
Your fulminant prism explodes!
The blast of energy engulfs the cyan ugly thing!!
You kill the cyan ugly thing!
Vehumet accepts your kill.
You feel your power returning.
The blast of energy engulfs the cyan ugly thing!!!
You kill the cyan ugly thing!
Vehumet accepts your kill.
You feel your power returning. The blast of energy engulfs you!!!
You die...

#. .## D.# #.#
#.# #.##
####.####..######
......()........#
######.###.@###<#
#† ##.# ### ..
.... u#. ##.###
uu#. #.. .. #.
##. ... #. .. #.


You could see an acid dragon.

Vanquished Creatures
  A bone dragon (D:13)
  Azrael (D:12)
  Josephine (Lair:5)
  3 boulder beetles
  7 hydras
  A centaur warrior (D:14)
  A catoblepas (Lair:2)
  4 two-headed ogres
  Pikel (D:8)
  2 wolf spider zombies (D:13)
  A deep elf pyromancer (D:12)
  5 ugly things
  3 manticores
  A wolf spider (Lair:4)
  2 cyclopes (D:12)
  9 black mambas
  4 torpor snails (Lair:4)
  An eye of devastation (Lair:5)
  An unseen horror (D:11)
  2 gargoyles
  18 cane toads
  4 rime drakes
  8 komodo dragons
  8 centaur skeletons (D:13)
  A redback zombie (D:13)
  An anaconda simulacrum (Lair:1)
  A polar bear (Lair:4)
  2 jumping spiders (Lair:4)
  7 blink frogs
  5 trolls
  2 dream sheep
  4 slime creatures (D:12)
  A harpy skeleton (D:13)
  Sigmund (D:5)
  A meliai zombie (D:13)
  A redback (Lair:4)
  4 shadows (D:11)
  A spriggan (Lair:2)
  34 yaks
  A vampire (D:9)
  7 wraiths
  5 wyverns
  2 basilisks (Lair:5)
  A death yak simulacrum (Lair:1)
  3 fire elementals (D:12)
  A steam dragon (D:7)
  18 vampire mosquitoes
  An acid dragon (D:9)
  13 water moccasins
  A floating eye (Lair:5)
  5 hell hounds (D:12)
  3 orc warriors
  An ice beast (D:5)
  A hornet zombie (D:13)
  A necrophage (D:8)
  A sky beast (D:5)
  4 ogres
  4 phantoms
  16 wolves
  5 centaurs
  2 lemures (D:8)
  A gnoll sergeant (D:12)
  9 bullfrogs
  2 scorpions
  2 two-headed ogre simulacra (Lair:1)
  2 troll zombies (D:10)
  6 killer bees
  An elephant simulacrum (Lair:1)
  3 electric eels
  3 howler monkeys
  13 centaur zombies
  2 bullfrog zombies (D:6)
  6 hounds
  5 orc priests
  A bullfrog skeleton (D:6)
  Ijyb (D:3)
  Terence (D:3)
  11 orc wizards
  A spriggan simulacrum (Lair:1)
  A troll simulacrum (Lair:1)
  4 ogre zombies (D:10)
  A hound skeleton (D:4)
  A howler monkey zombie (D:6)
  Robin (D:3)
  8 gnolls
  12 adders
  A white imp (D:6)
  A worm (D:2)
  A dart slug (D:1)
  25 orcs
  3 bats
  6 endoplasms
  2 giant cockroaches (D:1)
  15 goblins
  17 hobgoblins
  6 jackals
  3 quokkas
  9 ball pythons
  4 frilled lizards
  2 hobgoblin skeletons (D:10)
  2 hobgoblin zombies (D:10)
  9 kobolds
  4 orc skeletons (D:10)
  11 orc zombies (D:10)
  8 rats
  A fulminant prism (D:13)
479 creatures vanquished.

Vanquished Creatures (others)
  A bush (Lair:5)
  148 fulminant prisms
  30 fungi
  35 plants
214 creatures vanquished.

Grand Total: 693 creatures vanquished

Notes
Turn   | Place    | Note
-------+----------+-------------------------------------------
     0 | D:1      | porpoise the Deep Elf Conjurer began the quest for the Orb.
     0 | D:1      | Reached XP level 1. HP: 10/10 MP: 6/6
   191 | D:1      | Reached XP level 2. HP: 15/15 MP: 5/8
   221 | D:1      | Learned a level 2 spell: Searing Ray
   631 | D:1      | Reached skill level 4 in Spellcasting
   695 | D:1      | Reached XP level 3. HP: 19/19 MP: 5/10
   696 | D:1      | Reached skill level 5 in Conjurations
   745 | D:1      | Learned a level 3 spell: Dazzling Flash
   888 | D:1      | Found a faded altar of an unknown god.
  1531 | D:2      | Found Anoppyf's Antique Armour Shoppe.
  1730 | D:2      | Reached XP level 4. HP: 24/24 MP: 8/12
  1899 | D:2      | Reached skill level 5 in Spellcasting
  2257 | D:2      | Found Gutik's Distillery.
  2281 | D:2      | Bought a potion of heal wounds for 55 gold pieces
  2523 | D:3      | Found a shimmering blue altar of Sif Muna.
  2676 | D:3      | Learned a level 4 spell: Fulminant Prism
  2684 | D:3      | Noticed Ijyb
  2699 | D:3      | Noticed Robin
  2710 | D:3      | Killed Robin
  2724 | D:2      | Reached skill level 1 in Hexes
  2870 | D:3      | Reached XP level 5. HP: 28/28 MP: 12/14
  2888 | D:3      | Learned a level 4 spell: Iskenderun's Mystic Blast
  3002 | D:3      | Killed Ijyb
  3182 | D:3      | Noticed Terence
  3187 | D:3      | Killed Terence
  3394 | D:3      | Reached skill level 6 in Spellcasting
  3612 | D:3      | Found a basalt altar of Yredelemnul.
  4154 | D:4      | Reached XP level 6. HP: 32/32 MP: 15/17
  4349 | D:4      | Identified the +1 leather armour of Leapfrog {+Inv Int+7
                  | Stlth-}
  4445 | D:5      | Entered Level 5 of the Dungeon
  4484 | D:5      | Noticed a sky beast
  4487 | D:5      | Killed a sky beast
  4561 | D:5      | Reached skill level 7 in Spellcasting
  4682 | D:5      | Reached skill level 5 in Hexes
  4682 | D:5      | Reached skill level 1 in Translocations
  4892 | D:5      | Noticed Sigmund
  4900 | D:5      | Killed Sigmund
  4901 | D:5      | Reached XP level 7. HP: 32/36 MP: 9/19
  5749 | D:5      | Reached skill level 5 in Translocations
  5749 | D:5      | Reached XP level 8. HP: 37/41 MP: 13/21
  5802 | D:5      | Found an iron altar of Okawaru.
  5802 | D:5      | Found a faded altar of an unknown god.
  5853 | D:5      | Found a broken altar of Ashenzari.
  5855 | D:5      | Found a shimmering altar of Xom.
  5857 | D:5      | Found a burning altar of Makhleb.
  6167 | D:6      | You fall into a shaft and drop 3 floors!
  6171 | D:9      | Noticed a troll
  6177 | D:9      | Reached skill level 8 in Spellcasting
  6409 | D:9      | Reached skill level 9 in Spellcasting
  6566 | D:9      | Reached skill level 1 in Fighting
  6875 | D:8      | Identified the +7 hunting sling of Kytuamoh {venom, SInv}
  6984 | D:7      | Reached XP level 9. HP: 49/49 MP: 11/24
  7091 | D:7      | Found a staircase to the Ecumenical Temple.
  7097 | Temple   | Entered the Ecumenical Temple
  7644 | D:7      | Reached skill level 10 in Spellcasting
  8425 | D:6      | Learned a level 5 spell: Borgnjor's Vile Clutch
  8445 | D:6      | Found a stormy altar of Qazlal.
  8689 | D:6      | Reached skill level 11 in Spellcasting
  9359 | D:8      | Noticed Pikel
  9364 | D:8      | Killed Pikel
  9365 | D:8      | Reached skill level 5 in Fighting
  9365 | D:8      | Reached skill level 12 in Spellcasting
  9601 | D:8      | Reached XP level 10. HP: 59/59 MP: 23/28
 10193 | D:9      | Reached skill level 5 in Dodging
 10586 | D:9      | Reached skill level 1 in Evocations
 10639 | D:9      | Found a staircase to the Lair.
 10662 | D:9      | Found a radiant altar of Vehumet.
 10688 | D:9      | Became a worshipper of Vehumet
 10691 | D:10     | Entered Level 10 of the Dungeon
 10692 | D:10     | Found a staircase to the Orcish Mines.
 11047 | D:9      | Found a snail-covered altar of Cheibriados.
 11516 | D:10     | Reached skill level 5 in Evocations
 11518 | D:10     | Reached XP level 11. HP: 49/63 MP: 16/29
 11661 | D:10     | Reached * piety under Vehumet
 11661 | D:10     | Offered knowledge of Sandblast by Vehumet.
 11763 | D:10     | Noticed a two-headed ogre
 11772 | D:10     | Killed a two-headed ogre
 11773 | D:10     | Reached skill level 5 in Stealth
 12207 | D:10     | Reached skill level 1 in Necromancy
 12580 | Lair:1   | Entered Level 1 of the Lair of Beasts
 12617 | Lair:1   | Reached skill level 1 in Earth Magic
 13126 | Lair:1   | Reached ** piety under Vehumet
 13126 | Lair:1   | Offered knowledge of Freeze by Vehumet.
 13140 | Lair:1   | Reached skill level 5 in Necromancy
 13444 | Lair:1   | Reached skill level 5 in Earth Magic
 14668 | Lair:2   | Noticed a four-headed hydra
 14676 | Lair:2   | Killed a four-headed hydra
 14690 | Lair:2   | Reached XP level 12. HP: 68/68 MP: 15/30
 14692 | Lair:2   | Noticed a four-headed hydra
 14696 | Lair:2   | Killed a four-headed hydra
 14701 | Lair:2   | Noticed a boulder beetle
 14710 | Lair:2   | Killed a boulder beetle
 14711 | Lair:2   | Noticed a catoblepas
 14724 | Lair:2   | Killed a catoblepas
 14724 | Lair:2   | Offered knowledge of Frozen Ramparts by Vehumet.
 15268 | Lair:2   | Reached skill level 13 in Spellcasting
 15968 | Lair:3   | Reached *** piety under Vehumet
 16382 | Lair:3   | Reached skill level 14 in Spellcasting
 17259 | Lair:4   | Found a snail-covered altar of Cheibriados.
 17286 | Lair:4   | Noticed a seven-headed hydra
 17290 | Lair:4   | Killed a seven-headed hydra
 17291 | Lair:4   | Reached skill level 10 in Hexes
 17454 | Lair:4   | Found a hole to the Spider Nest.
 17742 | Lair:4   | Offered knowledge of Inner Flame by Vehumet.
 17776 | Lair:4   | Noticed an eight-headed hydra
 17782 | Lair:4   | Reached XP level 13. HP: 76/76 MP: 30/33
 18351 | Lair:4   | Found a staircase to the Swamp.
 19537 | Lair:5   | Reached **** piety under Vehumet
 19541 | Lair:5   | Offered knowledge of Lightning Bolt by Vehumet.
 19740 | Lair:5   | Found a staircase to the Slime Pits.
 19775 | Lair:5   | Noticed Josephine
 19786 | Lair:5   | Killed Josephine
 21065 | D:9      | Learned a level 4 spell: Flame Wave
 21272 | D:11     | Reached skill level 1 in Fire Magic
 22504 | D:12     | Reached skill level 5 in Fire Magic
 22668 | D:12     | Identified the ring "Qirresad" {rC+ rCorr Int+2}
 22790 | D:12     | Reached XP level 14. HP: 79/82 MP: 26/34
 22946 | D:12     | Noticed Azrael
 22955 | D:12     | Killed Azrael
 23380 | D:2      | Bought a pair of glowing boots for 172 gold pieces
 23422 | D:2      | Bought a potion of haste for 110 gold pieces
 23422 | D:2      | Bought a potion of curing for 33 gold pieces
 24265 | D:13     | Reached ***** piety under Vehumet
 24266 | D:13     | Offered knowledge of Spellforged Servitor by Vehumet.
 24343 | D:13     | Reached skill level 1 in Armour
 25530 | D:13     | Reached skill level 10 in Conjurations
 25768 | D:13     | Found the +9 sword of Zonguldrok {reap}
 25768 | D:13     | Noticed a bone dragon
 25782 | D:13     | Killed a bone dragon
 26241 | D:14     | Killed by an exploding fulminant prism

Illustrated notes

Levels and vault maps discovered:
D:1:      nicolae_arrival_washed_ashore, layout_basic, basic_ecumenical_altar
D:2:      layout_loops_cross, serial_shops, shop, nicolae_shop_crystal
D:3:      minmay_spotlight, layout_basic, lemuel_crystal_altar, led_sif_pool,
          uniq_ijyb, uniq_robin, uniq_terence
D:4:      layout_rooms
D:5:      layout_basic, chequers_temple_overflow_minitemple, uniq_sigmund
D:6:      layout_rooms, mainiacjoe_overflow_alcove_4
D:7:      layout_basic, minmay_temple_entry_glassed_door
D:8:      layout_rooms, roderic_lattice_a, kennysheep_generic_room_6, uniq_pikel
D:9:      layout_basic, general_overflow_altar,
          mainiacjoe_overflow_cross_hatched, erik_lair_island, item_on_display_a
D:10:     layout_basic, zombieorc1_lemuel
D:11:     minmay_recursive_quarters, layout_stronghold
D:12:     layout_basic, uniq_azrael
D:13:     layout_gridville, eino_curves_01, minmay_guarded_unrand_zonguldrok
D:14:     layout_basic, grunt_vaults_entry_fortified,
          chequers_serial_rivers_micro_e
Temple:   nicolae_temple_figure_eight
Lair:1:   dreamdust_isle_of_ice, layout_loops_ring, serial_bayou_shore_a,
          lemuel_fruit_tree
Lair:2:   layout_hall_layers, grunt_forest_large_clearing_hut
Lair:3:   layout_regular_city, infiniplex_staircase_pool
Lair:4:   wad_woods_structure_01, layout_small_grid, swamp_mist,
          spider_nest_entry_funnel_web, kennysheep_snail_temple
Lair:5:   layout_layer_cave, minmay_slime_entry_eyes, serial_bayou_shore_b,
          grunt_megastairs_3, uniq_josephine

Skill      XL: |  1  2  3  4  5  6  7  8  9 10 11 12 13 14 |
---------------+-------------------------------------------+-----
Spellcasting   | 4 5 6 7 9 12 14 | 14.0
Conjurations   | 5 7 9 10 | 10.7
Hexes          | 1 3 6 7 8 9 10 12 | 12.0
Translocations | 2 5 6 7 9 |  9.0
Fighting       | 2 5 7 |  7.0
Dodging        | 3 7 9 |  9.0
Evocations     | 5 7 |  7.0
Stealth        | 7 9 |  9.0
Necromancy     | 7 |  7.0
Earth Magic    | 5 7 |  7.0
Fire Magic     | 5 7 |  7.0
Armour         | 4 |  4.2

Action                   |  1- 3 |  4- 6 |  7- 9 | 10-12 | 13-15 || total
-------------------------+-------+-------+-------+-------+-------++-------
Melee: Short sword       |       |       |       |       |     1 ||     1
 Fire: Hunting sling     |       |    18 |    79 |   218 |   105 ||   420
Throw: Dart              |       |       |       |     1 |     5 ||     6
 Cast: Magic Dart        |    76 |    58 |     3 |     1 |       ||   138
       Searing Ray       |     4 |    18 |    44 |    65 |    54 ||   185
       Fulminant Prism   |       |     5 |    12 |    47 |    85 ||   149
       Iskenderun's Myst |       |       |     7 |    46 |    58 ||   111
       Borgnjor's Vile C |       |       |       |       |     1 ||     1
       Flame Wave        |       |       |       |       |     1 ||     1
Evoke: Wand              |       |       |       |     7 |     6 ||    13
       Phantom mirror    |       |       |       |       |     1 ||     1
  Use: Scroll            |       |     7 |    10 |    10 |       ||    27
       Potion            |       |       |       |     2 |     1 ||     3
 Stab: Sleeping          |       |       |       |       |     1 ||     1
Armor: Robe              |     1 |     3 |       |    21 |    35 ||    60
       Leather armour    |       |       |    16 |       |       ||    16
Dodge: Dodged            |     1 |     7 |    33 |    96 |    78 ||   215
Block: Other             |       |       |     4 |    28 |    28 ||    60
       Reflection        |       |       |     1 |       |     1 ||     2

Table legend: (Time is in decaauts)
 A = Elapsed time spent in this place.
 B = Non-inter-level travel time spent in this place.
 C = Inter-level travel time spent in this place.
 D = Time resting spent in this place.
 E = Time spent auto-exploring this place.
 F = Levels seen in this place.
 G = Mean time per level.
                   A        B        C        D        E       F      G
               +--------+--------+--------+--------+--------+-----+--------+
         Total |  26422 |  25057 |   1365 |  10450 |  11385 |  20 | 1321.1 |
       Dungeon |  17633 |  16586 |   1047 |   7260 |   7117 |  14 | 1259.5 |
        Temple |    210 |    199 |     11 |      0 |    199 |   1 |  210.0 |
          Lair |   8578 |   8271 |    307 |   3190 |   4068 |   5 | 1715.6 |
               +--------+--------+--------+--------+--------+-----+--------+

Top non-repeatable levels by time:
  Lair:1: 2196 daAuts
  Lair:4: 2089 daAuts
    D:13: 1915 daAuts
  Lair:5: 1836 daAuts
     D:9: 1742 daAuts
     D:5: 1669 daAuts
  Lair:3: 1447 daAuts
    D:12: 1427 daAuts
     D:3: 1417 daAuts
     D:2: 1376 daAuts
    D:11: 1368 daAuts
    D:10: 1352 daAuts
     D:6: 1238 daAuts
     D:1: 1208 daAuts
     D:8: 1154 daAuts
